AoeStats
← Necrosaro

Arabia

510799135Analyzed
2v2 RM · 1d ago on Oct 2, 2026· 54m 50s· 4 players
Game mode
Random Map
Map size
Medium (4 player)
Population
200
Speed
Normal
Resources
Standard
Victory
Conquest
Starting age
Dark Age
Ending age
Imperial Age
RankedLock teamsTeams togetherTeam positionsShared explorationLock speedFull tech treeHidden civsTurbo modeCheats
Victory
Defeat
🇮🇹 Celts · Italy
691
+14
🇮🇳 Byzantines · India
676
+15
🇨🇦 Celts · Canada
651
-15
🇨🇦 Huns · Canada
644
-14
1138kPaa186C
0:39 Loom
15:37 Feudal Age
17:23 Wheelbarrow
16:32 Horse Collar
16:42 Double-Bit Axe
17:05 Gold Mining
17:26 Stone Mining
18:00 Man-at-Arms
20:25 Town Watch
23:30 Castle Age
23:22 Forging
23:13 Scale Mail Armor
23:04 Fletching
23:15 Padded Archer Armor
25:22 Hand Cart
25:22 Bow Saw
25:15 Heavy Plow
25:55 Gold Shaft Mining
25:50 Caravan
28:51 Stone Shaft Mining
28:36 Town Patrol
29:21 Iron Casting
33:39 Imperial Age
32:14 Pikeman
35:23 Onager
36:26 Light Cavalry
36:32 Elite Skirmisher
38:33 Blast Furnace
38:06 Crossbowman
39:06 Halberdier
41:07 Siege Onager
42:38 Chain Mail Armor
42:39 Leather Archer Armor
42:20 Bodkin Arrow
44:29 Chemistry
43:50 Ballistics
43:21 Heated Shot
44:22 Murder Holes
44:13 Arrowslits
45:28 Hussar
Necrosaro
2:50 Loom
12:10 Feudal Age
14:10 Horse Collar
20:10 Castle Age
18:37 Double-Bit Axe
18:54 Gold Mining
19:24 Stone Mining
23:08 Heavy Plow
27:15 Wheelbarrow
26:26 Town Watch
26:47 Husbandry
27:00 Bloodlines
35:18 Imperial Age
33:10 Scale Barding Armor
32:31 Elite Skirmisher
34:46 Bow Saw
35:31 Forging
35:12 Fletching
35:25 Padded Archer Armor
35:47 Caravan
36:24 Conscription
36:11 Marauders
36:37 Chain Barding Armor
36:54 Iron Casting
37:55 Hand Cart
38:17 Town Patrol
39:17 Elite Tarkan
41:17 Gold Shaft Mining
43:57 Plate Barding Armor
46:58 Blast Furnace
46:27 Ballistics
47:12 Murder Holes
49:05 Chemistry
51:32 Pikeman
55:01 Masonry
salvo.anfuso
3:41 Loom
11:34 Feudal Age
24:58 Castle Age
25:35 Crossbowman
32:21 Imperial Age
31:16 Double-Bit Axe
33:03 Bow Saw
32:42 Horse Collar
33:01 Gold Mining
34:03 Town Watch
36:01 Gold Shaft Mining
35:40 Heavy Plow
39:34 Wheelbarrow
40:48 Furor Celtica
41:44 Hand Cart
42:31 Heavy Scorpion
45:12 Caravan
47:29 Scale Barding Armor
47:25 Scale Mail Armor
47:26 Padded Archer Armor
47:21 Fletching
47:51 Forging
48:36 Pikeman
49:02 Arson
bela29318
7:31 Loom
11:17 Feudal Age
12:11 Double-Bit Axe
12:09 Horse Collar
19:42 Castle Age
20:27 Wheelbarrow
19:52 Gold Mining
19:53 Stone Mining
22:14 Gold Shaft Mining
22:52 Bow Saw
24:42 Heavy Plow
26:15 Gold Shaft Mining
28:00 Hand Cart
28:55 Redemption
30:23 Caravan
31:16 Forging
31:13 Scale Barding Armor
33:05 Iron Casting
36:20 Imperial Age
35:11 Chain Barding Armor
34:21 Elite Skirmisher
34:54 Fletching
35:04 Padded Archer Armor
35:16 Squires
34:37 Pikeman
36:27 Bodkin Arrow
36:34 Scale Mail Armor
37:39 Illumination
37:32 Block Printing
37:30 Fervor
38:02 Theocracy
38:31 Two-Man Saw
38:04 Crop Rotation
36:58 Halberdier
38:13 Conscription
39:32 Logistica
38:58 Elite Cataphract
41:11 Plate Barding Armor
40:51 Chain Mail Armor
43:08 Capped Ram
46:26 Logistica
Connection lost

Rejoining the realm…

Still unreachable

The connection could not be restored.

Session expired

The server has moved on; the page needs a fresh start.